[Event "*** MasterClass Titled Tuesday Blitz"]
[Site "Chess.com"]
[Date "2017.10.03"]
[Round "3"]
[White "Gabix_94"]
[Black "MaxLeto"]
[Result "1-0"]
[WhiteElo "2503"]
[BlackElo "2318"]
[TimeControl "180+2"]
[EndTime "13:37:00 PDT"]
[Termination "Gabix_94 won by resignation"]

1. e4 c5 2. Nf3 d6 3. d4 cxd4 4. Nxd4 a6 5. c4 Nf6 6. Nc3 b6 7. Bd3 Bb7 8. O-O Nbd7 9. Kh1 g6 10. Qe2 Bg7 11. f4 O-O 12. Nf3 e6 13. Rb1 Nc5 14. Bc2 Nfd7 15. Bd2 Nb8 16. b4 Ncd7 17. Rfd1 Nc6 18. Be1 Qc7 19. a3 Rfc8 20. Rbc1 Nf6 21.
Bb3 Ne8 22. Qe3 Rab8 23. Nd5 exd5 24. cxd5 Qd7 25. dxc6 Rxc6 26. Ng5 Rxc1 27. Rxc1 d5 28. Rd1 Nf6 29. e5 Ne8 30. Qxb6 Nc7 31. Qf2 Ne6 32. Ne4 Qc7 33. Nd6 d4 34. Nxb7 Qxb7 35. Rc1 Qb6 36. Bd2 Bf8 37. Bd5 Rd8 38. Qf3 Ng7 39. g4 Qb5 40.
Bc4 Qa4 41. Qb3 Qc6+ 42. Kg1 Qe4 43. Bxf7+ Kh8 44. Re1 Qc6 45. Bc4 d3 46. Re3 h5 47. Rxd3 Rxd3 48. Qxd3 hxg4 49. Bd5 Qd7 50. Be4 Qa7+ 51. Be3 Qc7 52. Bxg6 Be7 53. Be4 Ne6 54. Qe2 Qc3 55. Qd2 Qxa3 56. f5 Qxb4 57. Qxb4 1-0

[Event "*** MasterClass Titled Tuesday Blitz"]
[Site "Chess.com"]
[Date "2017.10.03"]
[Round "3"]
[White "saraswathii"]
[Black "Bad4life"]
[Result "1-0"]
[WhiteElo "2305"]
[BlackElo "2189"]
[TimeControl "180+2"]
[EndTime "13:37:03 PDT"]
[Termination "saraswathii won by resignation"]

1. e4 d6 2. d3 g6 3. Nf3 Bg7 4.
g3 Nf6 5. Bg2 O-O 6. O-O c5 7. c3 Nc6 8. h3 b5 9. a4 b4 10. Qe2 Bb7 11. Nbd2 a5 12. Nc4 Na7 13. Be3 Nc8 14. e5 Nd5 15. Bd2 Re8 16. Rfe1 Ncb6 17. exd6 e6 18. Nfe5 Ra7 19. cxb4 axb4 20. a5 Na8 21. d7 Re7 22. a6 Rxa6 23. Rxa6 Bxa6 24. Nc6 Qxd7 25. Nxe7+ Nxe7 26. Bxa8 Bxb2 27. Nxb2 Nf5 28. Be3 h5 29. Bxc5 Qc8 30. Bxb4 Qxa8 31. Bc3 Kh7 32.
Nc4 Bb7 33. Ne3 Bf3 34. Qf1 Nh6 35. Nc4 h4 36. Ne5 Bd5 37. g4 Qa3 38. Bd2 Qe7 39.
Bxh6 Kxh6 40. Qe2 Kg7 41. Qe3 Qf6 42. f4 Ba8 43. Nd7 Qe7 44. Qe5+ Kh7 45. Nf6+ Kh6 46. Ng8+ 1-0

[Event "*** MasterClass Titled Tuesday Blitz"]
[Site "Chess.com"]
[Date "2017.10.03"]
[Round "3"]
[White "oskariot"]
[Black "VojtechPlat"]
[Result "0-1"]
[WhiteElo "2494"]
[BlackElo "2686"]
[TimeControl "180+2"]
[EndTime "13:37:06 PDT"]
[Termination "VojtechPlat won on time"]

1. Nc3 g6 2. h4 h6 3. d4 Bg7 4. e4 d6 5. h5 g5 6. f4 gxf4 7. Bxf4 Nd7 8. Nf3 c5 9. dxc5 Nxc5 10.
e5 Qa5 11. exd6 exd6 12. Bb5+ Bd7 13. Qe2+ Ne7 14. Bxd7+ Nxd7 15. Bxd6 Bxc3+ 16. bxc3 Qxc3+ 17. Kf2 Qf6 18. Rad1 Qe6 19. Qxe6 fxe6 20. Rhe1 Kf7 21. Re4 Nf6 22. Ne5+ Ke8 23. Rf4 Ned5 24. Rfd4 Rc8 25. c4 Nc3 26. R1d3 Nce4+ 27. Ke3 Nxd6 28. Rxd6 Rh7 29. Rxe6+ Re7 30. Rxe7+ Kxe7 31. g4 Ke6 32. Kf4 Rf8 33. Ng6 Rf7 34. Kg3 Ne4+ 35. Kg2 Rf2+ 36. Kg1 Rc2 37. Rd4 Ng5 38. a4 Nf3+ 0-1

[Event "*** MasterClass Titled Tuesday Blitz"]
[Site "Chess.com"]
[Date "2017.10.03"]
[Round "3"]
[White "timator"]
[Black "Rbrrt"]
[Result "0-1"]
[WhiteElo "2400"]
[BlackElo "2276"]
[TimeControl "180+2"]
[EndTime "13:37:08 PDT"]
[Termination "Rbrrt won by resignation"]

1. Nf3 c5 2. g3 Nc6 3. Bg2 Nf6 4. d4 cxd4 5. Nxd4 e5 6. Nxc6 bxc6 7. O-O Be7 8. c4 O-O 9. Nc3 Bb7 10. Bg5 d6 11.
Qd2 Qc7 12. Rad1 Rfd8 13. f4 h6 14. Bxf6 Bxf6 15. f5 Be7 16. Kh1 a5 17. h4 a4 18.
Rc1 Qb6 19. Ne4 f6 20. Nc3 Qb4 21. Rfd1 Bf8 22. g4 Qxc4 23. Ne4 Qb5 24. g5 d5 25. Nc3 Qb4 26. Ne4 dxe4 27. Qxd8 Rxd8 28. Rxd8 hxg5 29. hxg5 fxg5 30. Rf1 Kf7 31. Rb8 Bd6 32. Rh8 Be7 33. e3 c5 34. f6 Bxf6 35. Rd8 Ba6 36. Rd7+ Ke8 37. Rfd1 Bd3 38. Ra7 c4 39. Bh3 Qxb2 40. Be6 Qf2 0-1

[Event "*** MasterClass Titled Tuesday Blitz"]
[Site "Chess.com"]
[Date "2017.10.03"]
[Round "3"]
[White "Incognito_Knight"]
[Black "Sven_Tica"]
[Result "0-1"]
[WhiteElo "2448"]
[BlackElo "2453"]
[TimeControl "180+2"]
[EndTime "13:37:11 PDT"]
[Termination "Sven_Tica won on time"]

1. e4 e6 2. d4 d5 3. Nd2 c5 4. exd5 Qxd5 5. dxc5 Nf6 6. Ngf3 Qxc5 7.
Bd3 Nbd7 8. O-O Qc7 9. Qe2 Be7 10. a3 b6 11. b4 Bb7 12. Bb2 O-O 13. c4 Rad8 14. Rad1 a5 15. Bc3 axb4 16. axb4 Bd6 17. Rfe1 Rfe8 18. h3 e5 19. Ng5 e4 20. Bb1 Be5 21.
Bxe5 Qxe5 22. h4 h6 23. Ngxe4 Nxe4 24. Nxe4 f5 25. Ng3 f4 26. Qxe5 Nxe5 27. Rxd8 Rxd8 28.
Nf5 Nxc4 29. Ne7+ Kf7 30. b5 Rd7 31. Nf5 Kf6 32. h5 Na3 33. Ba2 Nxb5 34. Nh4 Nd4 35. Kh2 f3 36. g4 Kg5 37. Ng6 Ne2 38. Ne5 Rd2 0-1

[Event "*** MasterClass Titled Tuesday Blitz"]
[Site "Chess.com"]
[Date "2017.10.03"]
[Round "3"]
[White "dtn70"]
[Black "ChessQueen"]
[Result "0-1"]
[WhiteElo "2300"]
[BlackElo "2586"]
[TimeControl "180+2"]
[EndTime "13:37:11 PDT"]
[Termination "ChessQueen won by checkmate"]

1. Nf3 Nf6 2. g3 b6 3. Bg2 Bb7 4. O-O e6 5. c4 Be7 6. Nc3 O-O 7.
b3 d5 8. Ne5 Nbd7 9. d4 c5 10. e3 cxd4 11. exd4 Rc8 12. Bb2 Ba6 13. Nb5 Bxb5 14. cxb5 Nxe5 15. dxe5 Nd7 16. Rc1 Bc5 17. a3 Rc7 18. b4 Be7 19. Rc6 Nb8 20. Rc2 Qd7 21.
Rxc7 Qxc7 22. Qd3 Rc8 23. Rc1 Qd7 24. Rxc8+ Qxc8 25. Qc3 Qxc3 26. Bxc3 Nd7 27. f4 Kf8 28. Kf2 Ke8 29. Ke3 g6 30. Kd3 Bf8 31. Bd4 h5 32. Kc3 Bh6 33. a4 Kd8 34. a5 Kc7 35.
Bf3 h4 36. Be2 hxg3 37. hxg3 Nf8 38. Bd3 Nd7 39. Be2 g5 40. Be3 gxf4 41. gxf4 Nxe5 42. fxe5 Bxe3 43. Bh5 Bf4 44. Kd4 f6 45. exf6 Kd6 46.
f7 Bh6 47. axb6 axb6 48. Bg4 e5+ 49. Kd3 e4+ 50. Kd4 Bg7+ 51. Ke3 Ke5 52. Ke2 d4 53. Bh5 d3+ 54. Kd2 Kd4 55. Bg6 e3+ 56. Kd1 e2+ 57.
Ke1 Ke3 58. Bxd3 Bc3# 0-1

[Event "*** MasterClass Titled Tuesday Blitz"]
[Site "Chess.com"]
[Date "2017.10.03"]
[Round "3"]
[White "NMJeevanK"]
[Black "pKiLz5Rn9b"]
[Result "0-1"]
[WhiteElo "2324"]
[BlackElo "2530"]
[TimeControl "180+2"]
[EndTime "13:37:14 PDT"]
[Termination "pKiLz5Rn9b won by checkmate"]

1. e4 e6 2. d4 d5 3. exd5 exd5 4. Nf3 Nf6 5. c3 Bd6 6. Be2 O-O 7. h3 h6 8. O-O Re8 9. Re1 c6 10. Nbd2 Ne4 11. Nf1 Nd7 12. Be3 Ndf6 13. Bd3 Bf5 14. Qc2 Qc7 15. Rad1 Re7 16. b3 Rae8 17. c4 Bb4 18. N1d2 Bg6 19. Ne5 Bh7 20. f3 Nxd2 21. Bxd2 Bxd3 22. Qxd3 Bxd2 23. Rxd2 dxc4 24. bxc4 c5 25.
f4 cxd4 26. Qxd4 Nd7 27. Rde2 Nxe5 28. fxe5 b6 29. Kh1 Re6 30. Re4 Qc6 31. Rg4 f6 32. Rge4 Qb7 33. a4 Kh8 34. Qe3 Qc7 35. Rh4 fxe5 36. Qe4 Qf7 37. Rd1 Rf6 38. Kh2 Rf4 39.
Rxf4 exf4 40. Qf3 Qxc4 41. Rd7 Qxa4 42. Rf7 Qc4 43. Rxf4 Qc7 44. Qg3 Qb8 45. Kg1 Rf8 46. Rxf8+ Qxf8 47. Qc7 Qc5+ 48. Qxc5 bxc5 49. Kf2 Kh7 50. Ke2 Kg6 51. Kd3 Kf5 52. Kc4 Kf4 53. Kxc5 Kg3 54. Kd5 Kxg2 55. Ke6 Kxh3 56. Kf7 g5 57.
Kg6 g4 58. Kh5 g3 59. Kg6 g2 60. Kh5 g1=Q 61. Kxh6 a5 62. Kh5 a4 63. Kh6 a3 64.
Kh7 a2 65. Kh6 a1=Q 66. Kh7 Qag7# 0-1

[Event "*** MasterClass Titled Tuesday Blitz"]
[Site "Chess.com"]
[Date "2017.10.03"]
[Round "3"]
[White "ArnaudovP"]
[Black "SerGo055"]
[Result "1/2-1/2"]
[WhiteElo "2459"]
[BlackElo "2439"]
[TimeControl "180+2"]
[EndTime "13:37:15 PDT"]
[Termination "Game drawn by repetition"]

1. Nf3 Nf6 2. c4 c6 3. d4 d5 4. g3 Bf5 5. Bg2 e6 6. O-O h6 7. Nc3 Nbd7 8. Qb3 Qb6 9. c5 Qxb3 10. axb3 a6 11. b4 Rc8 12. Nd2 e5 13. e3 e4 14.
f3 exf3 15. Bxf3 g6 16. e4 dxe4 17. Ndxe4 Nxe4 18. Bxe4 Bxe4 19. Nxe4 f5 20. Nc3 Bg7 21. d5 Bxc3 22. bxc3 cxd5 23. Be3 Nf6 24. Bd4 O-O 25.
Rad1 Ne4 26. Kg2 Kf7 27. Rfe1 Rcd8 28. Rb1 Rfe8 29. Rb2 Rd7 30. Reb1 Rc8 31. Ra2 Re7 32. Rd1 g5 33. h3 Kg6 34. Re1 f4 35. g4 Rf8 36.
Rf1 Ng3 37. Rb1 Rfe8 38. b5 axb5 39. Rxb5 Re2+ 40. Rxe2 Rxe2+ 41. Kf3 Re7 42. Rb6+ Kh7 43. Rd6 Ne4 44. Rxd5 Nd2+ 45. Kf2 Ne4+ 46. Kf3 Nd2+ 47. Kf2 Ne4+ 48. Kg2 Nd2 49. Kf2 Ne4+ 50. Kf3 1/2-1/2

[Event "*** MasterClass Titled Tuesday Blitz"]
[Site "Chess.com"]
[Date "2017.10.03"]
[Round "3"]
[White "rickkrewson"]
[Black "shepi13"]
[Result "1/2-1/2"]
[WhiteElo "1777"]
[BlackElo "2002"]
[TimeControl "180+2"]
[EndTime "13:37:16 PDT"]
[Termination "Game drawn by repetition"]

1. Nf3 d5 2. b3 c5 3. e3 Nc6 4. Bb2 Nf6 5. Be2 Bf5 6. O-O e6 7. d4 Rc8 8. c4 cxd4 9. Nxd4 Nxd4 10. Bxd4 Be7 11. Nc3 O-O 12. Rc1 dxc4 13. Bxc4 Bc5 14. Bxc5 Rxc5 15. Qxd8 Rxd8 16. f3 h6 17. e4 Bg6 18.
Rcd1 Rcc8 19. Rxd8+ Rxd8 20. Rd1 Rxd1+ 21. Nxd1 Kf8 22.
Kf2 Ke7 23. Ke3 Kd6 24. Kd4 e5+ 25. Ke3 Nd7 26. Kd3 Nb6 27. Ne3 f6 28. Bg8 Be8 29. Nc4+ Nxc4 30. Bxc4 Bc6 31. a3 a6 32. b4 Kc7 33.
Kc3 Kb6 34. Bb3 a5 35. a4 Bd7 36. Bc2 Be8 37. Bb3 Bd7 38. Bc2 Be8 39. g4 Bf7 40.
Bd3 Be8 41. Kb3 h5 42. h3 h4 43. Bc4 Bc6 44. Bd5 Bd7 45. Bc4 Bc6 46. Bd3 axb4 47. Kxb4 Kc7 48. a5 Kd6 49. a6 bxa6 50. Bxa6 Bd7 51. Bc4 Bc8 52. Bf7 Bd7 53. Bc4 Bc8 54. Bf7 Bd7 55. Bc4 1/2-1/2

[Event "*** MasterClass Titled Tuesday Blitz"]
[Site "Chess.com"]
[Date "2017.10.03"]
[Round "3"]
[White "iusegine"]
[Black "JammyDodger91"]
[Result "0-1"]
[WhiteElo "2292"]
[BlackElo "2409"]
[TimeControl "180+2"]
[EndTime "13:37:18 PDT"]
[Termination "JammyDodger91 won by resignation"]

1. e4 g6 2. d4 Bg7 3. Nc3 d6 4. f4 a6 5. Nf3 b5 6. Bd3 Nd7 7. a4 b4 8. Ne2 c5 9. c3 bxc3 10. bxc3 Ngf6 11. e5 dxe5 12. dxe5 Ng4 13. Be4 Rb8 14. h3 Nh6 15. g4 O-O 16. Be3 Bb7 17.
Bxb7 Rxb7 18. O-O Qc7 19. Qd3 Qc6 20. Qc4 Rc8 21. a5 Qb5 22. Qxb5 Rxb5 23. Rfd1 Nf8 24. Ng3 Rb3 25. Rdc1 Nd7 26. Nd2 Rb7 27. Nc4 Kf8 28. Rab1 Rcb8 29. Rxb7 Rxb7 30. Ne4 Rb5 31. Rd1 Ke8 32. e6 fxe6 33. Ng5 Nf8 34. Ne4 Nd7 35. Ng5 Bxc3 36. Nxe6 Rb4 37. Nb6 Nxb6 38. Rd8+ Kf7 39. Ng5+ Kg7 40. axb6 Rxb6 41. Bxc5 Rb7 42. Ra8 a5 43. Re8 Nf7 44. Ne6+ Kf6 45. Nd8 Nxd8 46. Rxd8 Ke6 47. Ra8 Kd5 48. Be3 Ke4 49. Kf2 Rb2+ 0-1

[Event "*** MasterClass Titled Tuesday Blitz"]
[Site "Chess.com"]
[Date "2017.10.03"]
[Round "3"]
[White "ruvat"]
[Black "Ar4uha"]
[Result "1-0"]
[WhiteElo "2308"]
[BlackElo "2437"]
[TimeControl "180+2"]
[EndTime "13:37:21 PDT"]
[Termination "ruvat won by resignation"]

1. d4 Nf6 2. c4 e6 3. g3 d5 4.
Nf3 dxc4 5. Bg2 Nbd7 6. O-O Rb8 7. a4 b6 8. Nfd2 Bb7 9. Bxb7 Rxb7 10. Nxc4 c5 11. dxc5 Bxc5 12. Nd6+ Bxd6 13. Qxd6 Nc5 14. Qxd8+ Kxd8 15. Nc3 Ke7 16. Bf4 Rd8 17. Rfd1 Rbd7 18.
Rxd7+ Rxd7 19. a5 Nb3 20. Ra4 Nxa5 21. b4 Nb3 22. Nb5 a5 23. bxa5 Nxa5 24. f3 Nd5 25.
Be5 f6 26. Bd4 Nc6 27. Bb2 Kf7 28.
Kf2 Ndb4 29. Ba3 Nc2 30. Bd6 e5 31. e3 Na5 32. Ke2 Nb3 33. Rc4 Nca1 34. Ra4 Ke6 35. Bb4 Nc2 36. Bc3 Nc1+ 37. Kf2 Nd3+ 38.
Ke2 Nc1+ 39. Kf2 g5 40. h3 h5 41. h4 gxh4 42. Rxh4 Nd3+ 43. Ke2 Nc1+ 44. Kf2 Na2 45.
Rxh5 Nxc3 46. Nxc3 Rd2+ 47. Kg1 Nxe3 48. Ne4 Rd1+ 49.
Kf2 Nd5 50. Ke2 Ra1 51. Rh6 b5 52. Kd3 b4 53. Kc4 Rc1+ 54. Kb3 Rb1+ 55. Kc2 Rf1 56. Kb2 Rxf3 57. Ng5+ Kf5 58. Nxf3 e4 59. Ne1 e3 60.
Rh2 Ke4 61. Kc2 Nc3 62. Rh4+ Ke5 63. Kb3 Ne4 64. Nd3+ Kf5 65. Rf4+ Kg5 66. Rxe4 f5 67. Rxe3 Kg4 68. Ne5+ 1-0

[Event "*** MasterClass Titled Tuesday Blitz"]
[Site "Chess.com"]
[Date "2017.10.03"]
[Round "3"]
[White "bilelou"]
[Black "bancsoo"]
[Result "0-1"]
[WhiteElo "2424"]
[BlackElo "2560"]
[TimeControl "180+2"]
[EndTime "13:37:25 PDT"]
[Termination "bancsoo won by resignation"]

1. e4 e5 2. Nf3 Nc6 3. Bb5 a6 4. Ba4 Nf6 5. O-O Be7 6. d3 b5 7. Bb3 d6 8. a3 O-O 9. Nc3 Rb8 10. Be3 Na5 11. Ba2 c5 12. b4 Nc6 13. Nd5 cxb4 14.
Nxb4 Bb7 15. c4 Qd7 16. h3 h6 17. Nd2 Rfc8 18. cxb5 axb5 19. Nd5 Nxd5 20. Bxd5 Nd8 21. Qb3 Bxd5 22. Qxd5 Qe6 23. Rfb1 Qxd5 24. exd5 f5 25. f3 Bg5 26. Bxg5 hxg5 27. Rb3 Rc5 28. Rab1 Rxd5 29. a4 Ne6 30. Nc4 Nd4 31. R3b2 Kf8 32. axb5 Rdxb5 33. Rxb5 Rxb5 34. Ra1 Ke7 35. Ra7+ Kf6 36. Nxd6 Rb1+ 37. Kh2 Rb2 38. Kg1 Ne2+ 39. Kf1 Nf4 40. Ne8+ Kg6 41.
Rxg7+ Kh6 42. g4 Rb1+ 43. Kf2 Nxh3+ 44. Kg3 Nf4 45. gxf5 Nh5+ 46. Kf2 Nxg7 47. f6 Ne6 0-1

[Event "*** MasterClass Titled Tuesday Blitz"]
[Site "Chess.com"]
[Date "2017.10.03"]
[Round "3"]
[White "Cruel_Yaro"]
[Black "yosephtaher"]
[Result "1-0"]
[WhiteElo "2699"]
[BlackElo "2563"]
[TimeControl "180+2"]
[EndTime "13:37:26 PDT"]
[Termination "Cruel_Yaro won by resignation"]

1. a3 g6 2. e4 Bg7 3. d4 d6 4. Nc3 Nf6 5. f3 c6 6. Be3 e5 7. Qd2 O-O 8. Bc4 exd4 9. Bxd4 d5 10. exd5 cxd5 11. Nxd5 Nxd5 12. Bxg7 Qh4+ 13. g3 Qxc4 14. Bxf8 Kxf8 15. O-O-O Be6 16. b3 Qc5 17. Kb2 b5 18. h4 Nc6 19. h5 g5 20. Ne2 Rc8 21. Qxg5 b4 22. a4 Nce7 23. Nd4 Nf5 24. Nxe6+ fxe6 25. Rh2 Qc3+ 26. Kb1 Qe5 27. Rxd5 Qxd5 28. Rd2 Qe5 29. g4 Qe1+ 30. Kb2 Ne7 31. Qf6+ Ke8 32. Qh8+ Kf7 33. Qxh7+ Kf8 34. Qh6+ Kf7 35. Qf4+ Kg8 36.
Qxb4 Nd5 37. Qd4 Ne3 38. h6 e5 39. Qd7 Nc4+ 40. Ka2 Rc7 41. Qxc7 1-0

[Event "*** MasterClass Titled Tuesday Blitz"]
[Site "Chess.com"]
[Date "2017.10.03"]
[Round "3"]
[White "Indianlad"]
[Black "guilhermedeola"]
[Result "1-0"]
[WhiteElo "2603"]
[BlackElo "1941"]
[TimeControl "180+2"]
[EndTime "13:37:26 PDT"]
[Termination "Indianlad won by resignation"]

1. e4 c5 2. Nf3 e6 3. Nc3 a6 4. d4 cxd4 5. Nxd4 Nc6 6. g3 Qc7 7.
Bg2 d6 8. O-O Bd7 9. Re1 Be7 10.
Nxc6 Bxc6 11. a4 Nf6 12. Be3 O-O 13. a5 Nd7 14. Bd4 Nc5 15. Qd2 Rfd8 16. b4 Nd7 17. Nd5 Bxd5 18. exd5 e5 19. Bf1 Bf6 20. Bb2 Rac8 21.
c4 g6 22. Rec1 Re8 23. Bh3 Rcd8 24. Rc2 Bg7 25. c5 f5 26. c6 Nf6 27. Rac1 Qf7 28.
cxb7 Qxb7 29. Rc6 Ne4 30. Qe1 Bh6 31. R1c2 Qa7 32. Bg2 Nxf2 33. Rxf2 Be3 34. Kf1 Bxf2 35. Qxf2 Qb7 36. Qb6 Qg7 37. Qxa6 Qh6 38. Qe2 Qxh2 39.
a6 Qxg3 40. b5 Qf4+ 41. Kg1 Qb4 42. b6 f4 43. b7 f3 44. Bxf3 Rf8 45. Bg4 Rf4 46.
Be6+ Kg7 47. Rc8 Qb6+ 48. Kg2 Rb4 49. b8=Q Qxb8 50. Rxb8 Rdxb8 51. Bc3 1-0

[Event "*** MasterClass Titled Tuesday Blitz"]
[Site "Chess.com"]
[Date "2017.10.03"]
[Round "3"]
[White "evgenysharapov"]
[Black "motivated_bishop"]
[Result "1-0"]
[WhiteElo "2257"]
[BlackElo "2135"]
[TimeControl "180+2"]
[EndTime "13:37:29 PDT"]
[Termination "evgenysharapov won by resignation"]

1. e4 e5 2. Nf3 Nc6 3. Bb5 a6 4. Ba4 Nf6 5. O-O Be7 6. Re1 b5 7.
Bb3 d6 8. c3 O-O 9. h3 Nb8 10.
d4 Nbd7 11. Nbd2 Bb7 12. Bc2 Re8 13. Nf1 Bf8 14. Ng3 g6 15. Bg5 h6 16. Bd2 c5 17.
a4 b4 18. d5 a5 19. c4 Bg7 20. b3 Kf8 21. h4 Ke7 22. h5 Rh8 23. Nh4 Nf8 24.
hxg6 fxg6 25. f4 exf4 26. Bxf4 N6d7 27. Nxg6+ Nxg6 28. Nf5+ Kf8 29. Bxd6+ Kg8 30. Nxg7 Kxg7 31. e5 Qg5 32. Qf3 Raf8 33. Bxf8+ Rxf8 34. Qe4 Ndxe5 35. Rf1 Nf4 36. Rae1 Rf5 37. Rxf4 Rxf4 38. Qxe5+ Qxe5 39. Rxe5 Bc8 40. d6 Rd4 41. Rxc5 Be6 42. Rc7+ Kf6 43.
c5 Rd2 44. Be4 Bxb3 45. d7 Bxa4 46. c6 b3 47. Rc8 Ke7 48. Re8+ Kf7 49. d8=Q Rxd8 50.
Rxd8 b2 51. Rb8 1-0

[Event "*** MasterClass Titled Tuesday Blitz"]
[Site "Chess.com"]
[Date "2017.10.03"]
[Round "3"]
[White "Bengalas"]
[Black "Sethu0025"]
[Result "1/2-1/2"]
[WhiteElo "2527"]
[BlackElo "2637"]
[TimeControl "180+2"]
[EndTime "13:37:31 PDT"]
[Termination "Game drawn - insufficient material"]

1. d4 Nf6 2. c4 e6 3. Nc3 Bb4 4. Qc2 O-O 5. Nf3 d5 6. cxd5 exd5 7. Bg5 h6 8. Bxf6 Qxf6 9. e3 Be6 10. Bd3 Nd7 11.
a3 Bxc3+ 12. Qxc3 c5 13. dxc5 Qxc3+ 14. bxc3 Nxc5 15. Bc2 Rac8 16. Kd2 Rfd8 17. Nd4 Bd7 18. Rhb1 Kf8 19. a4 Ke7 20. a5 Rc7 21. h4 Rdc8 22.
Ra3 h5 23. Ne2 g6 24. Rb4 Kd6 25. Nd4 Ke7 26. Ne2 Be6 27. Nd4 Nd7 28. Nb5 Rc5 29. Nxa7 Ra8 30. Rxb7 Kd8 31. a6 Ne5 32. Bd3 Bf5 33. Be2 Bd7 34. Nb5 Bxb5 35. Rxb5 Rxb5 36. Bxb5 Kc7 37. Be2 Ra7 38. Ra5 Kd6 39. Kc2 Nc6 40.
Ra4 Kc5 41. f3 Ne5 42. Ra5+ Kd6 43. Ra4 Kc5 44. Kd2 Nc6 45. g4 Ne5 46. gxh5 gxh5 47. Ra5+ Kd6 48. f4 Nd7 49. c4 Nc5 50. Kc3 Rxa6 51.
Rxa6+ Nxa6 52. cxd5 Nc7 53. Bxh5 Nxd5+ 54. Kd4 f5 55. Bf3 Nf6 56. h5 Ke6 57. h6 Kf7 58. e4 fxe4 59. Bxe4 Ng4 60. Bd3 Nxh6 61. Ke5 Ng4+ 62.
Kf5 Nf6 63. Bc4+ Kg7 64. Kg5 Ne4+ 65. Kg4 Nd6 66. Bd3 Kf6 67. f5 Nxf5 68. Bxf5 1/2-1/2

[Event "*** MasterClass Titled Tuesday Blitz"]
[Site "Chess.com"]
[Date "2017.10.03"]
[Round "3"]
[White "roldieyi"]
[Black "peteseeger"]
[Result "0-1"]
[WhiteElo "2121"]
[BlackElo "2130"]
[TimeControl "180+2"]
[EndTime "13:37:33 PDT"]
[Termination "peteseeger won by resignation"]

1. d4 g6 2. Nf3 Bg7 3. h4 Nf6 4. Bg5 d6 5. Qc1 c5 6. c3 cxd4 7. cxd4 Bg4 8. Nbd2 Nc6 9. e3 Rc8 10. Qb1 Nb4 11. Bd3 Rc1+ 12. Qxc1 Nxd3+ 13. Ke2 Nxc1+ 14. Rhxc1 O-O 15. Kf1 Qa5 16. Kg1 Bxf3 17. Nxf3 Ne4 18.
Bxe7 Re8 19. Bg5 h6 20. Bf4 Qb5 21. b3 Qe2 22. Rf1 f6 23. a4 g5 24. hxg5 hxg5 25. Bh2 Bh6 26. Rae1 Qc2 27. Rb1 Kf7 28. g4 Kg6 29. a5 Bf8 30. Kg2 d5 31. b4 Rc8 32.
b5 Qa2 33. Ra1 Qc4 34. Rab1 Qa4 35. b6 a6 36. Bc7 Bd6 37. Ra1 Qc2 38. Rac1 Qe2 39.
Bxd6 Rxc1 40. Rxc1 Nxd6 41. Re1 Qa2 42. Ng1 Ne4 43.
Re2 Qxa5 44. Rb2 Qc3 45. Ra2 Qb3 46. Re2 a5 47. f3 Nc3 48. Rd2 a4 49. Kg3 a3 50. Rd3 a2 51. Ne2 a1=Q 52. e4 Nxe2+ 0-1

[Event "*** MasterClass Titled Tuesday Blitz"]
[Site "Chess.com"]
[Date "2017.10.03"]
[Round "3"]
[White "matiss90"]
[Black "chessdjw"]
[Result "0-1"]
[WhiteElo "2272"]
[BlackElo "2238"]
[TimeControl "180+2"]
[EndTime "13:37:34 PDT"]
[Termination "chessdjw won by checkmate"]

1. e4 e5 2. Nf3 Nc6 3. Nc3 Nf6 4. a3 d5 5. exd5 Nxd5 6. Nxe5 Nxe5 7. Qe2 Nxc3 8. Qxe5+ Be7 9. dxc3 O-O 10. Bd3 Bd6 11. Qh5 Re8+ 12. Be3 g6 13. Qf3 Qh4 14. h3 Bd7 15. g3 Qa4 16. O-O Bxh3 17. Rfe1 Qg4 18.
Qxg4 Bxg4 19. Kg2 h5 20. Bd4 Bd7 21. f3 Bc6 22. c4 b6 23. Kf2 a5 24. Rh1 Rad8 25.
g4 Be7 26. c3 h4 27. Rae1 Bg5 28. Rxe8+ Rxe8 29. Re1 Rxe1 30. Kxe1 Bc1 31. b4 Bxf3 32. bxa5 bxa5 33. a4 Bxg4 34. Be5 c5 35. Bc7 Bd7 36. Bc2 h3 37. Kf2 g5 38. Bxa5 Bf4 39. Be4 Bxa4 40. Bb6 Bd6 41. Bd8 g4 42. Bh4 Bd7 43. Bg3 Bxg3+ 44.
Kxg3 f5 45. Bd5+ Kg7 46. Kf4 Kf6 47. Bh1 Be6 48. Kg3 Kg5 49. Bd5 f4+ 50. Kh2 g3+ 51.
Kg1 h2+ 52. Kg2 Bxd5+ 53. cxd5 f3+ 54. Kh1 f2 55. Kg2 h1=Q+ 56. Kxh1 f1=Q# 0-1

[Event "*** MasterClass Titled Tuesday Blitz"]
[Site "Chess.com"]
[Date "2017.10.03"]
[Round "3"]
[White "TryingToGetBetter94"]
[Black "manubibi"]
[Result "0-1"]
[WhiteElo "2300"]
[BlackElo "2345"]
[TimeControl "180+2"]
[EndTime "13:37:35 PDT"]
[Termination "manubibi won by resignation"]

1. e4 c5 2. Nf3 d6 3. d4 cxd4 4. Nxd4 Nf6 5. Nc3 a6 6. Be2 e5 7. Nb3 Be7 8. Be3 O-O 9. g4 Be6 10. g5 Nfd7 11. h4 a5 12. Bb5 Na6 13. Qe2 Qc7 14. a4 Rfc8 15. O-O Nb4 16. Rfd1 Nb6 17. Kh1 Nc4 18. Bxc4 Bxc4 19. Qd2 d5 20. exd5 Rd8 21. Nb5 Bxb5 22. axb5 Rxd5 23. Qe2 Qd7 24. c3 Rd8 25. Rf1 Qh3+ 26. Kg1 Nd3 27. c4 Nf4 28. Bxf4 exf4 29. f3 R5d7 30. Qg2 Qxh4 31. Rxa5 Qxg5 32. Qxg5 Bxg5 33.
Ra7 Bf6 34. Kg2 Bxb2 35. Rf2 Be5 36. c5 Rd3 37. Nc1 Rc3 38. Ne2 Rxc5 39. Rxb7 g5 40. b6 Rb5 41. Ng1 Kg7 42. Re2 Bd4 43. Nh3 h6 44.
Nf2 Rxb6 45. Rc7 Bxf2 46. Rxf2 Rdd6 47. Rcc2 Rbc6 48. Rce2 Rd3 49. Kh3 Rcc3 50. Kg4 Kg6 51. Re8 h5+ 52. Kh3 Rxf3+ 53. Rxf3 Rxf3+ 54. Kh2 Re3 0-1

[Event "*** MasterClass Titled Tuesday Blitz"]
[Site "Chess.com"]
[Date "2017.10.03"]
[Round "3"]
[White "SCIM"]
[Black "Andrjywa"]
[Result "1-0"]
[WhiteElo "2427"]
[BlackElo "2338"]
[TimeControl "180+2"]
[EndTime "13:37:36 PDT"]
[Termination "SCIM won by checkmate"]

1. d4 Nf6 2. c4 c5 3. d5 b5 4. cxb5 a6 5. bxa6 Bxa6 6. Nc3 d6 7. e4 Bxf1 8. Kxf1 g6 9. Nf3 Bg7 10. g3 O-O 11. Kg2 Nbd7 12. a4 Qb6 13. Qc2 Ng4 14. Nb5 Rfb8 15. Bd2 Nge5 16. Nxe5 Nxe5 17. Bc3 Ra6 18. Rhb1 Rba8 19. b4 cxb4 20. Rxb4 Qc5 21. Qd2 Nc4 22. Qd3 Nb6 23. Bxg7 Kxg7 24. Qc3+ f6 25.
Qxc5 dxc5 26. Rbb1 Rxa4 27. Rxa4 Rxa4 28. Nc3 Rb4 29.
Re1 Nc4 30. Ra1 Nd6 31. Ra7 Kf7 32. f3 Rc4 33. Ne2 g5 34. Rc7 Rc2 35. Kf1 Nb5 36.
Rb7 Nd6 37. Ra7 h5 38. Ke1 Rb2 39. Rc7 Rb1+ 40. Kd2 Rb5 41. Ke3 Nc4+ 42. Kd3 Ne5+ 43. Kc3 Rb6 44. f4 Nf3 45. Kc4 Nxh2 46. Kxc5 Ra6 47.
fxg5 fxg5 48. Nd4 h4 49. gxh4 gxh4 50. Nf5 h3 51. Rxe7+ Kf6 52. Rh7 Ra3 53. d6 Kg6 54. Rh6+ Kf7 55. d7 Rd3 56. Nd6+ Ke7 57. Rh7+ Kd8 58.
Nb7+ Kc7 59. d8=Q# 1-0

[Event "*** MasterClass Titled Tuesday Blitz"]
[Site "Chess.com"]
[Date "2017.10.03"]
[Round "3"]
[White "Buffy7"]
[Black "krzyzan94"]
[Result "0-1"]
[WhiteElo "2456"]
[BlackElo "2594"]
[TimeControl "180+2"]
[EndTime "13:37:39 PDT"]
[Termination "krzyzan94 won by resignation"]

1. Nf3 Nf6 2. d4 g6 3. e3 Bg7 4.
Be2 O-O 5. O-O b6 6. c4 Bb7 7. Nc3 d5 8. cxd5 Nxd5 9. Nxd5 Qxd5 10. Qc2 Nc6 11. b3 e5 12. dxe5 Nxe5 13. Bb2 c5 14.
Rfd1 Qc6 15. Rd2 Rad8 16. Rad1 Rxd2 17. Qxd2 Re8 18. Bc3 h5 19. Qb2 g5 20. a4 g4 21.
Ne1 a6 22. Qc2 Qe6 23. Bxe5 Bxe5 24. Nd3 Bb8 25. Bf1 Be4 26. Qc3 Qd6 27. g3 Rd8 28.
Nb2 Qe7 29. Rxd8+ Qxd8 30. Bg2 Bxg2 31. Kxg2 Qd5+ 32. Kf1 Be5 33. Qc2 Qh1+ 34. Ke2 Qxh2 35. Nc4 Bxg3 36. Qf5 Bh4 37. Ne5 Qxf2+ 38. Qxf2 Bxf2 39.
Kxf2 b5 40. a5 f5 41. Kg3 Kg7 42. Kh4 Kh6 43. Nf7+ Kg7 44. Ne5 Kh6 45. Nf7+ Kh7 46. Ne5 Kg7 47. Kxh5 g3 48. Kh4 g2 49. Nf3 c4 50.
bxc4 bxc4 0-1